 Dungeon Crawl Stone Soup version 0.30-a0-643-g638baaf3f0 (webtiles) character file.

Game seed: 17233071881289315870

412 BaabKaare the Firebug (level 6, -2/46 HPs)
             Began as a Draconian Fire Elementalist on Jan 16, 2023.
             Killed by divine providence
             ... invoked by an orc priest
              (8 damage)
             ... on level 4 of the Dungeon.
             The game lasted 00:13:11 (5238 turns).

BaabKaare the Firebug (Draconian Fire Elementalist) Turns: 5238, Time: 00:13:12

Health: -2/46      AC:  6    Str: 10    XL:     6   Next: 59%
Magic:  1/12       EV: 12    Int: 18    God:
Gold:   129        SH:  0    Dex: 11    Spells: 0/13 levels left

rFire   . . .      SeeInvis .    (no weapon)
rCold   . . .      Faith    .    (no shield)
rNeg    . . .      Spirit   .    (body armour unavailable)
rPois   .          Reflect  .    (helmet restricted)
rElec   .          Harm     .    e - scarf {repulsion}
rCorr   .          Rampage  .    (no gloves)
Will    .....                    (no boots)
Stlth   ++                       (no amulet)
HPRegen 0.27/turn                (no ring)
MPRegen 0.13/turn                (no ring)

@: repel missiles
A: AC +6, unfitting armour, cold-blooded
a: no special abilities


You were on level 4 of the Dungeon.
You visited 1 branch of the dungeon, and saw 4 of its levels.

You collected 129 gold pieces.

Inventory:

Armour
 e - a scarf of repulsion (worn)
 u - a +0 hat
Wands
 n - a wand of quicksilver (3)
 t - a wand of roots (4)
Scrolls
 b - a scroll of blinking {unknown}
 c - 4 scrolls of immolation
 f - 2 scrolls of teleportation {unknown}
 h - a scroll of magic mapping {unknown}
 j - a scroll of noise {unknown}
 l - a scroll of enchant weapon {unknown}
 m - a scroll of vulnerability {unknown}
 q - 3 scrolls of identify {unknown}
 r - a scroll of fog {unknown}
Potions
 a - a potion of magic
 d - a potion of attraction {unknown}
 g - 2 potions of lignification {unknown}
 i - a potion of cancellation {unknown}
 k - a potion of brilliance {unknown}
 o - 2 potions of might {unknown}
 p - a potion of invisibility {unknown}
 s - a potion of heal wounds {unknown}


   Skills:
 + Level 0.5 Fighting
 + Level 2.1 Dodging
 + Level 2.6 Stealth
 + Level 4.0 Spellcasting
 + Level 2.1 Conjurations
 + Level 0.6 Hexes
 + Level 5.2 Fire Magic


You couldn't memorise any spells.
You knew the following spells:

 Your Spells              Type           Power      Damage    Failure   Level
a - Foxfire               Conj/Fire      68%        2x1d7     3%          1
b - Scorch                Fire           44%        2d7       2%          2
c - Inner Flame           Hex/Fire       14%        N/A       13%         3
d - Kindle Blastsparks    Fire/Tloc/Air  20%        2d11      22%         3
e - Flame Wave            Conj/Fire      17%        2d7       32%         4

Your spell library contained the following spells:

 Spells                   Type           Power      Damage    Failure   Level


Dungeon Overview and Level Annotations

Branches:
Dungeon (4/15)
 Temple: D:4-7

Altars:
Kikubaaqudgha
Okawaru
Qazlal
Sif Muna
Wu Jian

Shops:
D:3 =


Innate Abilities, Weirdness & Mutations

Your plain brown scales are hard. (AC +6)
You cannot fit into any form of body armour.
You are cold-blooded and may be slowed by cold attacks.


Message History

The orc's fire resistance burns away.
You hear a shout!
The orc priest hits you with a +0 hand axe.
The orc priest attacks as you move away!
The orc priest misses you. The orc priest misses you.
The orc is no longer more vulnerable to fire.
The orc priest hits you but does no damage.
The orc priest barely misses you. The orc attacks as you move away!
The orc hits you but does no damage.
The orc priest calls upon Beogh to heal the orc.
The orc's wounds heal themselves!
The orc priest looks braver for a moment.
The orc attacks as you move away! The orc closely misses you.
The orc attacks as you move away! The orc hits you with a +0 club.
The orc priest invokes the aid of Beogh against you.
Beogh smites you!
The orc priest mumbles some strange prayers to Beogh against you.
Beogh smites you!
Unknown command.
The orc attacks as you move away! The orc closely misses you.
The orc attacks as you move away! The orc misses you.
The orc attacks as you move away! The orc hits you with a +0 club.
The orc priest invokes the aid of Beogh against you.
Beogh smites you!
* * * LOW HITPOINT WARNING * * *
The orc attacks as you move away! The orc hits you with a +0 club.
* * * LOW HITPOINT WARNING * * *
Casting: Scorch (safe; 2% risk of failure)
Confirm with . or Enter, or press ? or * to list all spells.
Flames lash the orc priest but do no damage.
The orc hits you with a +0 club.
* * * LOW HITPOINT WARNING * * *
Casting: Scorch (safe; 2% risk of failure)
Confirm with . or Enter, or press ? or * to list all spells.
Flames lash the orc.
You kill the orc!
The orc priest invokes the aid of Beogh against you.
Beogh smites you!
You die...

#.# #..# ##.########## #..# .##
#...........# #..# #..#
##.§≈≈≈≈.≈≈≈§# #..# #..##
###..≈[......≈.#####..# #...
#....≈.#####.≈........# #..##
#.#.§≈.....#.≈.###.#..# #...
#.#.§≈.#._.#.≈...#)...#####.#####
# ##.§.#.....≈.#@#.#....†.......#
#§§.#####.≈.#)#.#.#..#.#.#.#.#
#.§§§.....≈.oo#.#.#..#.#.#
#)§≈≈§≈≈≈≈§.....#.#..#.#o#
#§................#..#.#)#
##.#####..#########..#.#o#
#.........o.o.........#..
#############.###.###.#.o #.#
.... ....


You could see an orc priest and an orc.

Vanquished Creatures
  Edmund (D:4)
  A phantom (D:4)
  An orc priest (D:3)
  Crazy Yiuf (D:3)
  A hound (D:4)
  An orc wizard (D:2)
  Terence (D:3)
  3 adders
  2 worms (D:2)
  4 dart slugs
  7 orcs
  5 bats
  4 endoplasms
  3 giant cockroaches
  8 goblins
  4 hobgoblins
  4 kobolds
  2 quokkas
  5 ball pythons
  3 frilled lizards
  2 rats
63 creatures vanquished.

Vanquished Creatures (others)
  34 foxfires
34 creatures vanquished.

Grand Total: 97 creatures vanquished

Notes
Turn   | Place    | Note
-------+----------+-------------------------------------------
     0 | D:1      | BaabKaare the Draconian Fire Elementalist began the quest
                  | for the Orb.
     0 | D:1      | Reached XP level 1. HP: 14/14 MP: 3/3
   591 | D:1      | Reached XP level 2. HP: 18/20 MP: 1/5
   594 | D:1      | Learned a level 2 spell: Scorch
  1518 | D:1      | Reached XP level 3. HP: 26/26 MP: 3/6
  1607 | D:1      | Found an ornate altar of the Wu Jian Council.
  2285 | D:2      | Reached skill level 4 in Fire Magic
  2578 | D:2      | Found an iron altar of Okawaru.
  2619 | D:3      | Reached XP level 4. HP: 33/33 MP: 1/7
  2725 | D:2      | Learned a level 3 spell: Inner Flame
  3618 | D:3      | Noticed Terence
  3683 | D:3      | Killed Terence
  3868 | D:4      | Noticed Edmund
  3873 | D:4      | Killed Edmund
  3874 | D:4      | Reached XP level 5. HP: 34/39 MP: 1/10
  3989 | D:3      | Found a runed translucent door.
  3990 | D:3      | Noticed Crazy Yiuf
  3997 | D:3      | Killed Crazy Yiuf
  3998 | D:3      | Reached XP level 6. HP: 38/46 MP: 4/11
  4161 | D:4      | Reached skill level 5 in Fire Magic
  4276 | D:3      | Found a faded altar of an unknown god.
  4339 | D:3      | Found a stormy altar of Qazlal.
  4677 | D:3      | Found Yqelorri's Jewellery Shoppe.
  4950 | D:3      | Found a shimmering blue altar of Sif Muna.
  5089 | D:4      | Found an ancient bone altar of Kikubaaqudgha.
  5160 | D:4      | Learned a level 3 spell: Kindle Blastsparks
  5165 | D:4      | Learned a level 4 spell: Flame Wave
  5238 | D:4      | Killed from afar by an orc priest

Illustrated notes

Levels and vault maps discovered:
D:1:      dpeg_arrival_water_altar, layout_basic, moated_statue,
          minmay_misc_feat_encased
D:2:      layout_loops_ring, basic_altar
D:3:      layout_basic, mainiacjoe_overflow_paths, led_sif_pool, serial_shops,
          shop, hellmonk_ecumenical_altar_blasted, uniq_terence,
          uniq_crazy_yiuf_cottage
D:4:      layout_basic, mainiacjoe_overflow_brackets, vehumet_statue,
          marbit_many_paths, serial_glass, glass_columns_a, glass_columns_b,
          uniq_edmund

Skill      XL: |  1  2  3  4  5  6 |
---------------+-------------------+-----
Fire Magic     | 4 5 |  5.2
Stealth        | 2 |  2.6
Conjurations   | 2 |  2.1
Dodging        | 2 |  2.1
Spellcasting   | 3 4 |  4.0
Fighting       | |  0.5
Hexes          | |  0.6

Action                   |  1- 3 |  4- 6 || total
-------------------------+-------+-------++-------
Melee: Unarmed           |     1 |     1 ||     2
 Cast: Foxfire           |    20 |     2 ||    22
       Scorch            |    29 |    44 ||    73
       Inner Flame       |       |     4 ||     4
       Kindle Blastspark |       |     1 ||     1
Armor: Skin              |     7 |    12 ||    19
Dodge: Dodged            |    17 |    24 ||    41

Table legend: (Time is in decaauts)
 A = Elapsed time spent in this place.
 B = Non-inter-level travel time spent in this place.
 C = Inter-level travel time spent in this place.
 D = Time resting spent in this place.
 E = Time spent auto-exploring this place.
 F = Levels seen in this place.
 G = Mean time per level.
                   A        B        C        D        E       F      G
               +--------+--------+--------+--------+--------+-----+--------+
         Total |   5247 |   5095 |    152 |   2794 |   1382 |   4 | 1311.8 |
       Dungeon |   5247 |   5095 |    152 |   2794 |   1382 |   4 | 1311.8 |
               +--------+--------+--------+--------+--------+-----+--------+

Top non-repeatable levels by time:
     D:2: 1857 daAuts
     D:3: 1562 daAuts
     D:1: 1559 daAuts
     D:4: 267 daAuts
